 Dungeon Sprint DCSS version 0.17-a0-1923-gc35365e (webtiles) character file.

1118 Kidiri the Covert (level 8, 0/36 HPs)
             Began as a Spriggan Enchanter on Sept 28, 2015.
             Was a Follower of Dithmenos.
             Killed by vampiric draining
             ... invoked by Josephine
              (4 damage)
             ... in the Dungeon (Sprint III: "The Ten Rune Challenge").
             The game lasted 00:07:25 (596 turns).

Kidiri the Covert (Spriggan Enchanter)               Turns: 596, Time: 00:07:25

Health: 0/36       AC:  4    Str:  4    XL:     8   Next: 12%
Magic:  10/22      EV: 27    Int: 17    God:    Dithmenos [*.....]
Gold:   30         SH:  0    Dex: 18    Spells: 7 memorised, 3 levels left

rFire  . . .     SeeInvis +     a - +1 dagger
rCold  . . .     Clarity  .     b - +1 robe
rNeg   . . .     SustAt   .     (shield restricted)
rPois  .         Gourm    .     (helmet restricted)
rElec  .         Spirit   .     l - +0 cloak
rCorr  .         Warding  .     (gloves unavailable)
rMut   .         NoTele   +     (boots unavailable)
MR     +....                    (no amulet)
Stlth  +++++++...               (no ring)
                                (no ring)

@: wreathed by umbra, drained, very quick, somewhat resistant to hostile
enchantments, extremely stealthy
A: unfitting armour, see invisible, herbivore 3, speed 3, slow metabolism 2
a: Renounce Religion


You were in the Dungeon.
You worshipped Dithmenos.
Dithmenos was aware of your devotion.
You were not hungry.

You visited 1 branch You collected 30 gold pieces.

Inventory:

Hand weapons
 a - a +1 dagger (weapon)
Armour
 b - a +1 robe (worn)
 l - a +0 cloak (worn)
Magical devices
 k - a wand of polymorph (9)
 u - a wand of flame (19)
Scrolls
 j - a scroll of blinking
 n - a scroll of immolation {unknown}
 o - 3 scrolls of remove curse
 t - a scroll of holy word {unknown}
Potions
 e - a potion of curing
 f - 5 potions of heal wounds
 g - 2 potions of haste
 h - 2 potions of magic
 i - 2 potions of berserk rage
 p - a potion of might
 r - a potion of cure mutation
 s - 2 potions of flight
Books
 c - a book of Maledictions

   Spells                             Type                      Level
   a - Corona                         Hexes                        1
   b - Ensorcelled Hibernation        Hexes/Ice                    2
   c - Confuse                        Hexes                        3
   d - Tukima's Dance                 Hexes                        3
   e - Dazzling Spray                 Conjuration/Hexes            3
 m - a book of Dreams

   Spells                             Type                      Level
   a - Ensorcelled Hibernation        Hexes/Ice                    2
   b - Phase Shift                    Translocation                5
   c - Shadow Creatures               Summoning                    5
   d - Silence                        Hexes/Air                    5
   e - Darkness                       Hexes                        6
   f - Mass Confusion                 Hexes                        6
Comestibles
 d - a bread ration
 q - 3 royal jellies


   Skills:
 * Level 8.3(7.8) Short Blades
 * Level 11.3(10.7) Dodging
 * Level 12.3(11.7) Stealth
 * Level 9.5(8.9) Spellcasting
 + Level 3.3(2.8) Conjurations
 + Level 7.4(6.9) Hexes
 + Level 2.7(2.2) Translocations
 + Level 3.9(3.3) Ice Magic
 - Level 2.0(1.5) Invocations


You had 3 spell levels left.
You knew the following spells:

 Your Spells              Type           Power        Failure   Level  Hunger
a - Corona                Hex            ####...      1%          1    None
b - Ensorcelled Hibernat  Hex/Ice        ####..       1%          2    None
c - Confuse               Hex            ####....     1%          3    None
d - Tukima's Dance        Hex            ####....     1%          3    None
e - Dazzling Spray        Conj/Hex       ###.....     4%          3    None
f - Darkness              Hex            ####......   85%         6    ######.
g - Phase Shift           Tloc           ###.......   95%         5    #####..


Dungeon Overview and Level Annotations

Branches:
Dungeon (1/1)

Altars:
Cheibriados
Dithmenos
Elyvilon
Fedhas
Gozag
Kikubaaqudgha
Makhleb
Nemelex Xobeh
Okawaru
Qazlal
Ru
Sif Muna
Trog
Vehumet
Xom
Yredelemnul
Zin
The Shining One
Jiyva
Lugonu

Annotations:
D Josephine


Innate Abilities, Weirdness & Mutations

You are tiny and cannot use many weapons and most armour.
You have supernaturally acute eyesight.
You are a herbivore.
You cover ground extremely quickly.
You need consume almost no food.


Message History

Josephine is dazzled.
Josephine closely misses you.
Josephine points at you and mumbles some strange words.
The ghostly flame explodes!
The ghostly fireball engulfs you!
Ouch! That really hurt!
* * * LOW HITPOINT WARNING * * *
The ghostly fireball engulfs Josephine.
Josephine partially resists.
You catch the helpless Josephine completely off-guard!
You impale Josephine!!
Josephine is severely wounded.
Josephine misses you.
Drink which item? (? for menu, Esc to quit)
Okay, then.
You hit Josephine.
Josephine is severely wounded.
Josephine completely misses you.
Unknown command.
You hit Josephine.
Josephine is severely wounded.
Josephine is infused with unholy energy.
You die...

.#)..#..)#%_#
.###+#+###+##
.#..........#
.'.⌠........#
.#...######'#
.#.⌠.#__#...#+#####
.#...#__#...#.§§§§+
.#'###__#...#§#§§§#
.#.))#__#...'.#.@§#
.#___#_.+...#.#§@.#
▓▓▓▓▓▓▓▓▓▓▓▓▓▓▓▓▓▓▓


You could see Josephine (blind).

Vanquished Creatures
  A deep elf priest (D)
  A shadow (D)
  A spatial vortex (D)
  A necrophage (D)
  A water elemental (D)
  Crazy Yiuf (D)
  A jelly (D)
  Jessica (D)
  A necromancer (D)
  A wizard (D)
  A kobold demonologist (D)
  3 humans (D)
  2 oozes (D)
  A rat (D)
17 creatures vanquished.

Vanquished Creatures (others)
  2 draconian scorchers (D)
  A yaktaur (D)
  6 plants (D)
9 creatures vanquished.

Grand Total: 26 creatures vanquished

Notes
Turn   | Place    | Note
--------------------------------------------------------------
     0 | D        | Kidiri the Spriggan Enchanter began the quest for the Orb.
     0 | D        | Reached XP level 1. HP: 9/9 MP: 5/5
    11 | D        | Reached skill level 5 in Stealth
    11 | D        | Reached XP level 2. HP: 10/13 MP: 7/7
    87 | D        | Noticed Jessica
    93 | D        | Killed Jessica
    93 | D        | Reached skill level 5 in Dodging
    93 | D        | Reached skill level 6 in Stealth
    93 | D        | Reached XP level 3. HP: 16/16 MP: 7/9
    97 | D        | Learned a level 2 spell: Ensorcelled Hibernation
   101 | D        | Learned a level 3 spell: Confuse
   105 | D        | Learned a level 3 spell: Tukima's Dance
   236 | D        | Killed a white draconian scorcher
   256 | D        | Killed a white draconian scorcher
   320 | D        | Noticed Crazy Yiuf
   326 | D        | Killed Crazy Yiuf
   326 | D        | Reached skill level 7 in Stealth
   326 | D        | Reached skill level 5 in Spellcasting
   326 | D        | Reached skill level 1 in Ice Magic
   326 | D        | Reached XP level 4. HP: 21/21 MP: 7/12
   331 | D        | Learned a level 3 spell: Dazzling Spray
   333 | D        | Killed a yaktaur
   355 | D        | Gained mutation: You are partially covered in thin metallic scales (AC +2). [potion of mutation]
   355 | D        | Gained mutation: You expend magic power (3 MP) to strengthen your wands. [potion of mutation]
   355 | D        | Gained mutation: Your body sometimes deteriorates upon taking damage. [potion of mutation]
   356 | D        | Lost mutation: You expend magic power (3 MP) to strengthen your wands. [potion of cure mutation]
   356 | D        | Lost mutation: Your body sometimes deteriorates upon taking damage. [potion of cure mutation]
   356 | D        | Lost mutation: You are partially covered in thin metallic scales (AC +2). [potion of cure mutation]
   357 | D        | Gained mutation: Potions and wands are less effective at restoring your health. [potion of mutation]
   357 | D        | Gained mutation: You have large cloven feet. [potion of mutation]
   357 | D        | Gained mutation: You expend magic power (3 MP) to strengthen your wands. [potion of mutation]
   358 | D        | Lost mutation: You have large cloven feet. [potion of cure mutation]
   358 | D        | Lost mutation: Potions and wands are less effective at restoring your health. [potion of cure mutation]
   358 | D        | Lost mutation: You expend magic power (3 MP) to strengthen your wands. [potion of cure mutation]
   389 | D        | Noticed a water elemental
   392 | D        | Killed a water elemental
   392 | D        | Reached skill level 8 in Stealth
   392 | D        | Reached skill level 5 in Hexes
   392 | D        | Reached XP level 5. HP: 24/24 MP: 14/14
   401 | D        | Noticed a jelly
   402 | D        | Noticed a shadow
   404 | D        | Killed a shadow
   404 | D        | Reached skill level 9 in Stealth
   404 | D        | Reached skill level 1 in Conjurations
   404 | D        | Reached XP level 6. HP: 28/28 MP: 15/17
   408 | D        | Killed a jelly
   421 | D        | Found a stormy altar of Qazlal.
   422 | D        | Found a sacrificial altar of Ru.
   422 | D        | Found a burning altar of Makhleb.
   422 | D        | Found a viscous altar of Jiyva.
   422 | D        | Found a shimmering altar of Xom.
   422 | D        | Found a shadowy altar of Dithmenos.
   422 | D        | Found a sparkling altar of Nemelex Xobeh.
   422 | D        | Found a corrupted altar of Lugonu.
   422 | D        | Found an opulent altar of Gozag.
   422 | D        | Noticed a spatial vortex
   423 | D        | Killed a spatial vortex
   423 | D        | Reached skill level 10 in Stealth
   453 | D        | Found a radiant altar of Vehumet.
   454 | D        | Found a deep blue altar of Sif Muna.
   454 | D        | Found an ancient bone altar of Kikubaaqudgha.
   454 | D        | Noticed a wizard
   455 | D        | Killed a wizard
   470 | D        | Learned a level 6 spell: Darkness
   492 | D        | Became a worshipper of Dithmenos the Shadowed
   519 | D        | Found a glowing silver altar of Zin.
   520 | D        | Found a glowing golden altar of the Shining One.
   520 | D        | Found a white marble altar of Elyvilon.
   520 | D        | Noticed a deep elf priest
   522 | D        | Killed a deep elf priest
   522 | D        | Reached skill level 10 in Dodging
   522 | D        | Reached skill level 11 in Stealth
   522 | D        | Reached skill level 1 in Invocations
   522 | D        | Reached XP level 7. HP: 32/32 MP: 20/20
   536 | D        | Learned a level 5 spell: Phase Shift
   539 | D        | Found an iron altar of Okawaru.
   540 | D        | Found a bloodstained altar of Trog.
   540 | D        | Noticed a human
   540 | D        | Noticed a human
   542 | D        | Killed a human
   542 | D        | Reached skill level 1 in Translocations
   543 | D        | Killed a human
   543 | D        | Reached skill level 12 in Stealth
   543 | D        | Reached XP level 8. HP: 36/36 MP: 22/22
   560 | D        | Found a snail-covered altar of Cheibriados.
   560 | D        | Noticed a necrophage
   561 | D        | Found a basalt altar of Yredelemnul.
   561 | D        | Found a blossoming altar of Fedhas.
   561 | D        | Noticed a necromancer
   562 | D        | Killed a necrophage
   563 | D        | Killed a necromancer
   586 | D        | Noticed Josephine
   596 | D        | Killed from afar by Josephine

Vault maps used:
D:        dungeon_sprint_mu

Action                   |  1- 3 |  4- 6 |  7- 9 || total
-------------------------+-------+-------+-------++-------
Melee: Dagger            |    16 |     7 |     8 ||    31
 Cast: Ensorcelled Hiber |     4 |       |     2 ||     6
       Confuse           |       |       |     2 ||     2
       Dazzling Spray    |       |       |     1 ||     1
  Use: Potion            |       |     4 |       ||     4
       Scroll            |       |     2 |       ||     2
 Stab: Sleeping          |     5 |     7 |     4 ||    16
       Invisible         |       |       |     1 ||     1
